 Dungeon Crawl Stone Soup version 0.28.0-45-g0d030f2227 (webtiles) character file.

Game seed: 17611478930743911137

22367 MisterFreud the Fighter (level 12, -9/106 (112) HPs)
             Began as a White Draconian Transmuter on Apr 14, 2022.
             Was a Priest of Ru.
             Mangled by a water moccasin (23 damage)
             ... on level 6 of the Lair of Beasts.
             The game lasted 00:25:12 (19435 turns).

MisterFreud the Fighter (DrTm)                     Turns: 19435, Time: 00:25:12

HP:   -9/106 (112)  AC: 10    Str: 13    XL:     12   Next: 62%
MP:   12/15         EV:  2    Int: 17    God:    Ru [***...]
Gold: 1005          SH:  0    Dex: 13    Spells: 5/15 levels left

rFire   x . .      SeeInvis .     - Unarmed
rCold   + . .      Faith    +   (no shield)
rNeg    . . .      Spirit   .   (armour unavailable)
rPois   .          Reflect  .   (helmet restricted)
rElec   .          Harm     .   (no cloak)
rCorr   .          Rampage  .   h - +0 pair of gloves
Will    .....                   m - +0 pair of boots
Stlth   +.........              b - amulet of faith
HPRegen 0.27/turn               f - ring of protection from fire
MPRegen 0.14/turn               k - ring of ice

@: exhausted, sleeping, very slightly contaminated, drained
A: breathe frost, AC +8, unfitting armour, cold resistance 1, cold-blooded,
disrupted magic 1, temperature sensitive
a: Breathe Frost, Renounce Religion, Draw Out Power


You were on level 6 of the Lair of Beasts.
You worshipped Ru.
Ru was most pleased with you.
You visited 3 branches of the dungeon, and saw 15 of its levels.

You collected 1005 gold pieces.

Inventory:

Missiles
 w - 39 poisoned darts
 A - 5 curare-tipped darts
 J - 5 boomerangs
Armour
 h - a +0 pair of gloves (worn)
 m - a +0 pair of boots (worn)
Jewellery
 b - an amulet of faith (around neck)
 f - a ring of protection from fire (left hand)
 k - a ring of ice (right hand)
 x - an amulet of regeneration
Wands
 r - a wand of digging (3)
 C - a wand of iceblast (5)
 F - a wand of paralysis (6)
 H - a wand of flame (23)
 I - a wand of mindburst (6)
Scrolls
 g - 3 scrolls of teleportation
 l - 3 scrolls of amnesia {unknown}
 o - 2 scrolls of magic mapping {unknown}
 q - a scroll of torment {unknown}
 s - 3 scrolls of immolation {unknown}
 t - a scroll of blinking {unknown}
 u - a scroll of holy word {unknown}
 v - a scroll of fear {unknown}
 y - 2 scrolls of vulnerability {unknown}
 B - a scroll of summoning
 G - a scroll of enchant weapon {unknown}
Potions
 a - 2 potions of curing
 c - a potion of lignification
 d - 5 potions of attraction
 e - 2 potions of ambrosia
 i - 4 potions of flight
 j - a potion of brilliance
 n - a potion of heal wounds {unknown}
 p - 2 potions of mutation
 z - a potion of might {unknown}
 D - 2 potions of magic
 E - a potion of berserk rage {unknown}
 K - a potion of invisibility {unknown}


   Skills:
 - Level 12.0 Fighting
 + Level 9.8 Dodging
 - Level 12.0 Unarmed Combat
 - Level 2.0 Spellcasting
 + Level 8.1 Transmutations
 - Level 4.0 Ice Magic
 + Level 5.2 Evocations


You had 5 spell levels left.
You knew the following spells:

 Your Spells              Type           Power      Damage    Failure   Level
a - Beastly Appendage     Tmut           58%        N/A       1%          1
b - Wereblood             Tmut           29%        N/A       2%          2
c - Spider Form           Tmut/Pois      15%        N/A       16%         3
d - Ice Form              Ice/Tmut       33%        N/A       22%         4

Your spell library contained the following spells:

 Spells                   Type           Power      Damage    Failure   Level
 Animate Skeleton         Necr           2%         N/A       26%         1
 Pain                     Necr           4%         1d4       26%         1
 Ignite Poison            Fire/Tmut/Pois 10%        N/A       26%         3
 Blink                    Tloc           2%         N/A       36%         2
 Scorch                   Fire           2%         2d5       36%         2
 Static Discharge         Conj/Air       1%         N/A       36%         2
 Conjure Flame            Conj/Fire      1%         6-21      58%         3
 Dazzling Flash           Conj/Hex       2%         N/A       58%         3
 Vampiric Draining        Necr           1%         2d6       58%         3
 Hailstorm                Conj/Ice       12%        3d5       71%         4
 Alistair's Intoxication  Tmut/Pois      10%        N/A       78%         5
 Yara's Violent Unravell  Hex/Tmut       7%         3d5       78%         5
 Dispel Undead            Necr           1%         3d6       92%         4
 Flame Wave               Conj/Fire      1%         2d4       92%         4
 Sticky Flame             Conj/Fire      1%         2d3       92%         4
 Agony                    Necr           1%         N/A       99%         5
 Manifold Assault         Tloc           1%         N/A       99%         5
 Silence                  Hex/Air        0%         N/A       99%         5
 Simulacrum               Ice/Necr       6%         N/A       100%        6
 Summon Cactus Giant      Summ           0%         N/A       100%        6
 Storm Form               Tmut/Air       7%         N/A       100%        7
 Necromutation            Tmut/Necr      7%         N/A       100%        8


Dungeon Overview and Level Annotations

Branches:
Dungeon (9/15)             Temple (1/1) D:7            Lair (4/6) D:9
 Shoals (0/4) Lair:3        Snake (0/4) Lair:2
    Orc: D:9-12

Altars:
Ashenzari
Cheibriados
Dithmenos
Elyvilon
Fedhas
Gozag
Hepliaklqana
Kikubaaqudgha
Makhleb
Nemelex Xobeh
Okawaru
Qazlal
Ru
Sif Muna
Vehumet
Wu Jian
Xom
Yredelemnul
Zin
The Shining One
Beogh

Annotations:
D:8 3 runed translucent doors, Hyawatha's ghost, novice TrWz
Lair:2 2 transporters, exclusion: orange crystal statue
Lair:6 Urug


Innate Abilities, Weirdness & Mutations

You can breathe waves of freezing cold which knock back foes.
Your icy white scales are hard. (AC +8)
You cannot fit into any form of body armour.
Your flesh is cold resistant. (rC+)
You are cold-blooded and may be slowed by cold attacks.
Your casting is slightly disrupted.
You are sensitive to extremes of temperature. (rF-, rC-)


Message History

The black mamba bites the fungus.
The cane toad closely misses you.
The black mamba bites the fungus!
Unknown command.
You feel better.
The wyvern bites you but does no damage.
The black mamba bites the fungus!
The seven-headed hydra closely misses you.
The seven-headed hydra misses you. x2; The seven-headed hydra bites you.
* * * LOW HITPOINT WARNING * * *
The seven-headed hydra bites you.
* * * LOW HITPOINT WARNING * * *
The seven-headed hydra bites you.
* * * LOW HITPOINT WARNING * * *
The seven-headed hydra misses you.
The black mamba bites the fungus.
The blink frog begins to attack, but is stunned by your conviction!
The wyvern bites you!
* * * LOW HITPOINT WARNING * * *
The cane toad completely misses you.
The black mamba bites the fungus!!
The fungus is poisoned.
The black mamba poisons the fungus!
You redirect the cane toad's attack!
The cane toad misses Urug.
Unknown command.
Unknown command.
Unknown command.
Unknown command.
You feel better.
Your surroundings suddenly seem different. 3 dream sheep come into view.
The dream sheep bleats! x3; The water moccasin hisses angrily. x2
The wolf howls!
You hear a bleat!
You hear a howl!
A nearby fungus withers and dies.
A dream sheep comes into view.
Unknown command.
Unknown command.
The dream sheep bleats!
You hear a howl!
You redirect the dream sheep's attack!
The dream sheep shake their wool and sparkle.
You feel drowsy...
You fall asleep.
The water moccasin bites you!!
You die...

...hP....... ......F.
..........#.........
.Y.....#..........P
#Y......#........F.
#######.#YY......PP.....F
#...#....Y.............Fh
#..#...Sh...............S .
##.....#.SS.....[....F.P#.
...#.....###@...#........F###
.........###.....P...#P...
.........D..#...P...P....
.PP..[...................
P............S.....P#..P
........#...[....####
......$............
...................#
.....P#......#....##


You could see 4 water moccasins, a wolf and 5 dream sheep.

Vanquished Creatures
  Gastronok (D:8)
  A boulder beetle (Lair:4)
  3 hydras
  4 elephants (Lair:4)
  Joseph (D:7)
  3 black mambas
  4 cane toads
  3 rime drakes
  A kobold demonologist (D:9)
  4 komodo dragons
  3 polar bears
  6 dream sheep
  Grinder (D:6)
  5 blink frogs (Lair:4)
  Sigmund (D:6)
  3 wyverns
  15 yaks
  3 basilisks
  A steam dragon (D:8)
  Menkaure (D:6)
  3 nagas (Lair:2)
  11 water moccasins
  2 sky beasts (D:5)
  An ice beast (D:7)
  5 orc warriors
  A black bear (D:7)
  A necrophage (D:7)
  5 centaurs
  3 ogres
  3 wolves (Lair:2)
  13 kobold brigands (D:9)
  10 bullfrogs
  A wyvern zombie (D:6)
  A gnoll sergeant (D:5)
  4 scorpions
  A wyvern skeleton (D:7)
  5 killer bees (D:8)
  7 wights
  4 electric eels (Lair:3)
  3 centaur zombies
  2 jellies
  6 orc priests
  A centaur skeleton (D:7)
  A hound (D:5)
  A gnoll shaman (D:5)
  A bullfrog skeleton (D:4)
  Natasha (thrice) (D:3)
  Terence (D:2)
  8 orc wizards
  A hound skeleton (D:5)
  8 gnolls (D:5)
  9 adders
  2 river rats (D:3)
  A white imp (D:5)
  An ufetubus (D:4)
  An adder skeleton (D:5)
  A worm (D:2)
  A dart slug (D:3)
  29 orcs
  7 endoplasms
  5 giant cockroaches
  9 hobgoblins
  4 jackals
  7 quokkas
  8 ball pythons
  8 bats
  9 frilled lizards
  8 goblins
  14 kobolds
  12 rats
317 creatures vanquished.

Vanquished Creatures (others)
  3 bushes (D:9)
  21 fungi
  51 plants
  3 toadstools (D:9)
78 creatures vanquished.

Grand Total: 395 creatures vanquished

Notes
Turn   | Place    | Note
-------+----------+-------------------------------------------
     0 | D:1      | MisterFreud the Draconian Transmuter began the quest for
                  | the Orb.
     0 | D:1      | Reached XP level 1. HP: 16/16 MP: 3/3
   173 | D:1      | Reached XP level 2. HP: 21/23 MP: 3/5
   209 | D:1      | Learned a level 2 spell: Wereblood
   644 | D:1      | Found a faded altar of an unknown god.
   988 | D:1      | Reached XP level 3. HP: 27/28 MP: 4/6
  1196 | D:2      | Learned a level 3 spell: Spider Form
  1729 | D:2      | Reached XP level 4. HP: 31/35 MP: 7/7
  1884 | D:2      | Noticed Terence
  1907 | D:2      | Killed Terence
  2412 | D:3      | Reached skill level 5 in Transmutations
  2511 | D:3      | Noticed Natasha
  2521 | D:3      | Killed Natasha
  2522 | D:3      | Reached XP level 5. HP: 30/41 MP: 1/8
  2578 | D:3      | Noticed Natasha
  2586 | D:3      | Killed Natasha
  3237 | D:3      | Noticed Natasha
  3247 | D:3      | Killed Natasha
  3248 | D:3      | Reached XP level 6. HP: 34/51 MP: 2/9
  4191 | D:4      | Reached skill level 5 in Unarmed Combat
  4242 | D:4      | Your scales start taking on an icy white colour.
  4242 | D:4      | Reached XP level 7. HP: 59/59 MP: 6/10
  4242 | D:4      | Gained mutation: Your flesh is cold resistant. (rC+) [White
                  | Draconian growth]
  4255 | D:4      | Learned a level 4 spell: Ice Form
  4316 | D:4      | Found a burning altar of Makhleb.
  4348 | D:4      | You fall into a shaft and drop 2 floors!
  4384 | D:6      | Reached skill level 1 in Ice Magic
  4521 | D:6      | Noticed Grinder
  4535 | D:6      | Killed Grinder
  4659 | D:6      | Noticed Sigmund
  4673 | D:6      | Killed Sigmund
  4853 | D:5      | Entered Level 5 of the Dungeon
  4886 | D:5      | Reached XP level 8. HP: 55/66 MP: 8/11
  5459 | D:5      | Found a glowing golden altar of the Shining One.
  5819 | D:5      | Reached skill level 5 in Dodging
  6877 | D:6      | Noticed Menkaure
  6883 | D:6      | Killed Menkaure
  7227 | D:7      | Reached XP level 9. HP: 73/73 MP: 7/12
  7239 | D:7      | Reached skill level 5 in Fighting
  7556 | D:7      | Found an opulent altar of Gozag.
  7873 | D:8      | Got the Handbook of Transmutation
  8811 | D:8      | Noticed Gastronok
  9756 | D:7      | Reached XP level 10. HP: 88/88 MP: 9/13
  9811 | D:7      | Found a staircase to the Ecumenical Temple.
  9818 | Temple   | Entered the Ecumenical Temple
  9992 | Temple   | Became a worshipper of Ru the Awakened
 10054 | D:7      | Identified the +6 flail of Isecs {vorpal, rN+ Str+3 Int+7}
 10140 | D:8      | Noticed Joseph
 10175 | D:7      | HP: 3/88 [Joseph/sling bullet (6)]
 10180 | D:7      | Killed Joseph
 10839 | D:8      | Killed Gastronok
 11050 | D:8      | Found a snail-covered altar of Cheibriados.
 11463 | D:8      | Found a runed translucent gate.
 11463 | D:8      | Noticed Hyawatha's ghost (novice TrWz)
 11464 | D:8      | Found a runed translucent gate.
 11465 | D:8      | Found a runed translucent gate.
 11988 | D:9      | Noticed a sixfirhy
 12004 | D:9      | HP: 5/109 [kobold brigand/+0 short sword of flaming (6)]
 12004 | D:9      | HP: 1/109 [kobold brigand/+0 short sword of flaming (4)]
 12413 | D:9      | Reached skill level 10 in Fighting
 12430 | D:9      | Reached XP level 11. HP: 47/100 MP: 9/14
 12453 | D:9      | Reached skill level 10 in Unarmed Combat
 12814 | D:9      | Gained mutation: You are sensitive to extremes of
                  | temperature. (rF-, rC-) [Ru sacrifice]
 12814 | D:9      | Reached * piety under Ru
 12814 | D:9      | Reached ** piety under Ru
 13014 | D:9      | Found a staircase to the Lair.
 13375 | Lair:1   | Entered Level 1 of the Lair of Beasts
 14759 | Lair:2   | Noticed a four-headed hydra
 14765 | Lair:2   | Killed a four-headed hydra
 15090 | Lair:2   | Noticed an orange crystal statue
 15225 | Lair:2   | Found a staircase to the Snake Pit.
 15385 | Lair:2   | Found a transporter.
 15385 | Lair:2   | Noticed a boulder beetle
 15386 | Lair:2   | Found a transporter.
 15386 | Lair:2   | Noticed a boulder beetle
 15806 | Lair:3   | Found a staircase to the Shoals.
 16039 | Lair:3   | Gained mutation: Your casting is slightly disrupted. [Ru
                  | sacrifice]
 16039 | Lair:3   | Reached *** piety under Ru
 16171 | Lair:3   | Noticed a six-headed hydra
 16181 | Lair:3   | Killed a six-headed hydra
 16182 | Lair:3   | Reached skill level 1 in Evocations
 16513 | Lair:3   | Noticed a five-headed hydra
 16521 | Lair:3   | Killed a five-headed hydra
 16522 | Lair:3   | Reached XP level 12. HP: 61/112 MP: 11/15
 17329 | Lair:2   | Found a shimmering blue altar of Sif Muna.
 18767 | Lair:4   | Noticed a boulder beetle
 18786 | Lair:4   | Killed a boulder beetle
 18787 | Lair:4   | Reached skill level 5 in Evocations
 19374 | Lair:4   | You fall into a shaft and drop 2 floors!
 19374 | Lair:6   | Entered Level 6 of the Lair of Beasts
 19381 | Lair:6   | Noticed an eight-headed hydra
 19397 | Lair:6   | Noticed a seven-headed hydra
 19397 | Lair:6   | Noticed Urug
 19435 | Lair:6   | Mangled by a water moccasin

Illustrated notes

Levels and vault maps discovered:
D:1:      dpeg_arrival_leaves_temple_mockup, layout_basic,
          hellmonk_ecumenical_altar_run_dry
D:2:      layout_loops_cross, amethyst_killhole, minmay_misc_feat_four_crosses,
          minmay_distorted, uniq_terence
D:3:      minmay_razor_zed, layout_loops_ring, portal_sewer_entry_b,
          uniq_natasha
D:4:      layout_rooms, mainiacjoe_overflow_big_doors, gammafunk_ghost_grave,
          nicolae_shop_firing_range
D:5:      layout_loops_corners, mainiacjoe_overflow_small_starburst
D:6:      layout_basic, uniq_grinder, uniq_sigmund, uniq_crazy_yiuf_cottage,
          uniq_menkaure
D:7:      layout_basic, nicolae_gozag_cash_rules_everything_around_me,
          minmay_temple_entry_purple_smoke
D:8:      layout_layer_cave, lemuel_tele_altar, biasface_ghost_orc_armoury,
          uniq_gastronok, uniq_joseph
D:9:      layout_roguey [special_room_kobold], minmay_lair_entry_grove,
          minmay_gold_behind_fungi
Temple:   eino_temple_scatter_basement
Lair:1:   layout_regular_city, grunt_forest_large_clearing_hut
Lair:2:   gammafunk_boulding_lane, layout_concentric_octagons,
          guppyfry_snake_entry_garden, basic_altar, st_stairs_4,
          disabler_island, lemuel_fruit_tree, serial_bayou_shore_b
Lair:3:   layout_misc_corridors, minmay_shoals_entry_centaurs, serial_bayou,
          serial_bayou_lagoon_a, serial_bayou_pond_d, serial_bayou_shore_a,
          serial_bayou_ford_a, serial_bayou_lake_a, serial_bayou_shore_b,
          st_stairs_7, serial_bayou_pond_e
Lair:4:   layout_hall_layers, lookout_lair_type, nzn_sisyphean_effort,
          lemuel_fruit_fields
Lair:6:   minmay_lair_end_enchanted_forest, layout_misc_corridors, special_room
          [special_room_mythical_zoo], grunt_megastairs_1, uniq_urug

Skill      XL: |  1  2  3  4  5  6  7  8  9 10 11 12 |
---------------+-------------------------------------+-----
Transmutations | 3 4 5 6 8 |  8.1
Fighting       | 3 4 8 10 12 | 12.0
Unarmed Combat | 4 5 6 8 9 12 | 12.0
Ice Magic      | 4 |  4.0
Dodging        | 2 6 7 8 9 |  9.8
Evocations     | 1 5 |  5.2
Spellcasting   | |  2.0

Action                   |  1- 3 |  4- 6 |  7- 9 | 10-12 || total
-------------------------+-------+-------+-------+-------++-------
Melee: Unarmed           |   114 |   190 |   284 |   433 ||  1021
       Kick              |    17 |    21 |     3 |       ||    41
       Tailslap          |    10 |    11 |     5 |     9 ||    35
       Headbutt          |    11 |    10 |       |       ||    21
       Punch             |     1 |     5 |     1 |     2 ||     9
 Cast: Beastly Appendage |    21 |    22 |     3 |       ||    46
       Spider Form       |       |    11 |     5 |     3 ||    19
       Ice Form          |       |       |    26 |    43 ||    69
Invok: Sacrifice Essence |       |       |       |     1 ||     1
       Sacrifice Resista |       |       |       |     1 ||     1
       Draw Out Power    |       |       |       |     1 ||     1
       Reject Sacrifices |       |       |       |     1 ||     1
Evoke: Wand              |       |       |       |     7 ||     7
  Use: Scroll            |       |     4 |     2 |    11 ||    17
       Potion            |       |       |       |     4 ||     4
 Stab: Sleeping          |       |     1 |       |       ||     1
Armor: Skin              |    26 |    27 |    75 |   118 ||   246
Dodge: Dodged            |    68 |   132 |   165 |   236 ||   601
